 Dungeon Crawl Stone Soup version bcrawl-1.39.1 (webtiles) character file.

Game seed: 568902968501602793

8375927 Finalfun the Axe Maniac (level 23, -5/322 HPs)
             Began as a Minotaur Archaeologist on Sept 20, 2023.
             Was a High Priest of Trog.
             Slain by an azure jelly (17 damage)
             ... created by the Royal Jelly
             ... on level 5 of the Pits of Slime.
             The game lasted 03:05:31 (49131 turns).

Finalfun the Axe Maniac (Minotaur Archaeologist)   Turns: 49131, Time: 03:05:32

Health: -5/322     AC: 37    Str: 30    XL:     23   Next: 15%
Magic:  27/27      EV: 13    Int:  9    God:    Trog [*****.]
Gold:   3562       SH: 15    Dex: 12    Spells: 22/22 levels left

rFire    + + +     GDR:     40% R - +13 war axe "Caew" {venom, rElec MR++ Int-5}
rCold    + . .     SeeInvis +   k - +0 medium shield of the Villain {rPois Dex+4}
rNeg     + + .     Gourm    .   T - +9 scales of the Dragon King {rPois rF+ rC+ MR+}
rPois    +         Faith    .   Q - +2 hat of Henotheism {+Fly rCorr Dex-2}
rElec    +         Spirit   .   r - +0 cloak {rPois}
rCorr    +         Reflect  .   K - +0 pair of gloves "Doal" {rCorr Stlth+}
MR       +++++                  M - +2 pair of boots
Stlth    ..........             s - amulet "Moatenar" {Regen rN+}
HPRegen  4.04/turn              P - ring "Lenen" {MR++ Slay+3}
MPRegen  0.20/turn              W - ring of Gozag's Castigation {rF++ rN+ MR- Int+3 SInv}

@: berserking (expiring), corroded, regenerating, very quick
A: retaliatory headbutt, horns 2
}: 2/15 runes: silver, gossamer
a: Berserk, Trog's Hand, Brothers in Arms, Renounce Religion, Evoke Flight


You were on level 5 of the Pits of Slime.
You worshipped Trog.
Trog was extremely pleased with you.
You were hungry.

You visited 9 branches of the dungeon, and saw 36 of its levels.
You also visited: Gauntlet and Desolation.

You collected 7221 gold pieces.
You spent 3659 gold pieces at shops.

Inventory:

Hand Weapons
 R - the +13 war axe "Caew" (weapon) {venom, rElec MR++ Int-5}
   (Trog gifted it to you on level 2 of the Vaults)

   It poisons the flesh of those it strikes.
   It affects your intelligence (-5).
   It insulates you from electricity.
   It affects your resistance to hostile enchantments.
 U - the +5 mace "Xuepp" {flame, rC++}
   (You found it on level 6 of the Lair of Beasts)

   It has been specially enchanted to surge with flame as it hits, increasing
   damage dealt by approximately one third against foes not resistant or
   susceptible to fire.
   It greatly protects you from cold.
Armour
 k - the +0 medium shield of the Villain (worn) {rPois Dex+4}
   (You found it in the Desolation of Salt)

   It affects your dexterity (+4).
   It protects you from poison.
 r - a +0 cloak of poison resistance (worn)
 K - the +0 pair of gloves "Doal" (worn) {rCorr Stlth+}
   (You found it in a Gauntlet)

   It provides partial protection from all sources of acid and corrosion.
   It makes you more stealthy.
 M - a +2 pair of boots (worn)
 Q - the +2 hat of Henotheism (worn) {+Fly rCorr Dex-2}
   (You found it on level 3 of the Vaults)

   It affects your dexterity (-2).
   It lets you fly.
   It provides partial protection from all sources of acid and corrosion.
 T - the +9 scales of the Dragon King (worn) {rPois rF+ rC+ MR+}
   (You found it on level 3 of the Elven Halls)

   It protects you from fire.
   It protects you from cold.
   It protects you from poison.
   It affects your resistance to hostile enchantments.
Jewellery
 s - the amulet "Moatenar" (around neck) {Regen rN+}
   (You acquired it on level 3 of the Vaults)

   [amulet of regeneration]

   It protects you from negative energy.
 P - the ring "Lenen" (left hand) {MR++ Slay+3}
   (You bought it in a shop on level 2 of the Vaults)

   [ring of slaying]

   It affects your accuracy and damage with ranged weapons and melee attacks
   (+3).
   It affects your resistance to hostile enchantments.
 W - the ring of Gozag's Castigation (right hand) {rF++ rN+ MR- Int+3 SInv}
   (You found it in the Desolation of Salt)

   [ring of see invisible]

   It affects your intelligence (+3).
   It greatly protects you from fire.
   It protects you from negative energy.
   It affects your resistance to hostile enchantments.
   It lets you see invisible.
Wands
 h - a wand of acid (7)
 t - a wand of iceblast (36)
 H - a wand of paralysis (15)
 N - a wand of digging (5)
 V - a wand of disintegration (27)
Scrolls
 a - 2 scrolls of blinking
 c - a scroll of fear
 l - 12 scrolls of teleportation
 p - 7 scrolls of fog
 w - 10 scrolls of remove curse
 x - 4 scrolls of revelation
 y - a scroll of vulnerability
 E - a scroll of torment
 O - 5 scrolls of immolation
 S - a scroll of brand weapon
 Y - a scroll of summoning
Potions
 g - 3 potions of lignification
 j - a potion of mutation
 m - 9 potions of curing
 n - 2 potions of might
 o - 4 potions of magic
 z - 4 potions of brilliance
 A - 2 potions of cancellation
 B - 3 potions of agility
 C - 2 potions of invisibility
 D - 6 potions of ambrosia
 F - a potion of resistance
Miscellaneous
 d - a box of beasts
 f - a sack of spiders
 i - a lamp of fire
 q - a phial of floods
 u - a fan of gales (2/2)
 v - 2 phantom mirrors
 L - a lightning rod (4/4)
Comestibles
 e - 16 rations {!d}


   Skills:
 - Level 20.0 Fighting
 O Level 27 Axes
 - Level 1.2(18.7) Maces & Flails
 + Level 22.2 Armour
 - Level 19.0 Dodging
 - Level 3.0 Stealth
 - Level 15.0 Shields
 - Level 7.0 Evocations


You had 22 spell levels left.
You didn't know any spells.
Your spell library contained the following spells:

 Spells                   Type           Power        Failure   Level  Hunger
 Flame Tongue             Conj/Fire      #....        100%        1    None
 Sandblast                Erth           #.....       100%        1    None
 Summon Butterflies       Summ           #.......     100%        1    None
 Call Imp                 Summ           #.....       100%        2    ####...
 Ensorcelled Hibernation  Hex/Ice        #.....       100%        2    ####...
 Poisonous Vapours        Pois/Air       #.....       100%        2    ####...
 Shock                    Conj/Air       #......      100%        2    ####...
 Song of Slaying          Chrm           #.......     100%        2    ####...
 Spectral Weapon          Hex/Chrm       #.......     100%        3    #####..
 Sticky Flame             Conj/Fire      #.......     100%        4    ######.
 Summon Scorpions         Summ/Pois      #.......     100%        4    ######.
 Bolt of Magma            Conj/Fire/Erth #.........   100%        5    #######
 Silence                  Hex/Air        #.........   100%        5    #######
 Steam Barrier            Chrm/Fire      #.........   100%        5    #######
 Summon Demon             Summ           #.........   100%        5    #######
 Borgnjor's Vile Clutch   Necr/Erth      #.........   100%        6    #######
 Deflect Missiles         Chrm/Air       #.........   100%        6    #######
 Infestation              Hex/Tmut/Pois  #........    100%        6    #######
 Invisibility             Hex            #.......     100%        6    #######
 Virulence                Hex/Pois       #.......     100%        6    #######
 Fire Storm               Conj/Fire      #.........   100%        9    #######


Dungeon Overview and Level Annotations

Branches:
Dungeon (12/12)            Temple (0/1) D:6            Lair (6/6) D:9
 Shoals (1/3) Lair:3       Spider (3/3) Lair:2        Slime (5/5) Orc
    Orc (1/1) D:9             Elf (3/3) Lair:5       Vaults (3/3) D:12
  Crypt (0/2) Vaults:2     Depths (2/5) D:12

Altars:
Elyvilon
Fedhas
Kikubaaqudgha
Ru
Trog
Wu Jian
Xom
Yredelemnul
Jiyva

Shops:
D:7 !   Orc **=?:   Elf:2 ?   Elf:3 ?   Vaults:1 [   Vaults:2 =

Portals:
Hell: Depths:1 Depths:2
Abyss: Depths:1
Pandemonium: Depths:2
Ziggurat: Depths:1

Annotations:
D:7 3 runed translucent doors, yrara's ghost, novice DsFi
D:8 2 runed translucent doors, Morbidden's ghost, novice TrAc
D:10 3 runed translucent doors, foxfromabyss's ghost, journeyman MiAc
D:11 3 runed translucent doors, DogServant's ghost, journeyman MfTm
Lair:1 exclusion: oklob plant
Lair:2 1 runed translucent door, yrara's ghost, journeyman DsFi
Lair:4 exclusions: lindwurm and 3 more exclusions
Slime:5 Royal Jelly
Elf:1 1 runed translucent door
Elf:2 3 runed doors


Innate Abilities, Weirdness & Mutations

You reflexively headbutt those who attack you in melee.
You have a pair of horns on your head.


Message History

The Royal Jelly spits out another jelly.
You block the azure jelly's attack. x2
The death ooze hits you but does no damage.
* * * LOW HITPOINT WARNING * * *
The death ooze constricts you!!
The acid blob hits you but does no damage.
You slice the death ooze!!
You destroy the death ooze!
That felt strangely unrewarding.
You hit the death ooze. You slice the azure jelly!!
The azure jelly is poisoned.
You slash the acid blob!
Your hands burn!
* * * LOW HITPOINT WARNING * * *
You slash the Royal Jelly!
Your hands burn!
* * * LOW HITPOINT WARNING * * *
You block the death ooze's attack. x2
The Royal Jelly hits you but does no damage. x2
The azure jelly hits you!
* * * LOW HITPOINT WARNING * * *
The azure jelly freezes you! You resist.
You die...

###...........
##.............
##..............
#...............
#...............
##...............
##......J.........
........JJJ.......
.........@JJ......
..........J.......
.....................
....................#
....................#
#...................#
#..................###
#...................#
#...................##


You could see the Royal Jelly, 2 acid blobs, 2 azure jellies and 2 death oozes.

Vanquished Creatures
  Dissolution (Slime:2)
  2 juggernauts
  A caustic shrike (Depths:2)
  Nikola (Elf:3)
  Zenata (Depths:2)
  A rockslime (Depths:2)
  3 liches
  Asterion (Depths:1)
  A titan (Depths:2)
  A quicksilver dragon (Depths:2)
  11 acid blobs
  2 deep elf blademasters (Elf:3)
  5 sphinxes
  A deep elf master archer (Elf:3)
  A shadow dragon (Vaults:3)
  6 tengu reavers
  A storm dragon (shapeshifter) (Vaults:3)
  A storm dragon (Vaults:3)
  Donald (Spider:1)
  7 fire giants
  8 frost giants
  10 azure jellies
  4 deep elf sorcerers (Elf:3)
  4 ghost moths
  2 imperial myrmidons (Desolation)
  14 vault wardens
  7 deep elf elementalists (Elf:3)
  A spriggan defender (Depths:2)
  4 emperor scorpions
  9 ironheart preservers
  4 very ugly things (Depths:1)
  9 stone giants
  An eye of devastation (Depths:2)
  3 deep elf demonologists
  Nessos (Lair:5)
  A minotaur (Gauntlet)
  3 deep elf annihilators (Elf:3)
  A halazid warlock (Desolation)
  4 entropy weavers
  4 dire elephants
  2 spark wasps
  7 deep elf death magi
  9 ettins
  A crystal guardian (Desolation)
  4 ragged hierophants (Desolation)
  6 yaktaur captains
  Urug (Lair:6)
  2 fire dragons
  6 deep elf high priests
  2 rakshasas
  12 servants of whispers (Desolation)
  4 vault guards (Vaults:3)
  The ghost of GhastlyMooves the Eclecticist, a journeyman FrCj of Qazlal (D:12)
  4 spriggan air magi (Depths:2)
  7 great orbs of eyes
  5 peacekeepers
  7 hydras
  2 shadow wraiths
  3 ice dragons
  10 death oozes
  9 deep troll shamans
  19 dancing weapons
  2 death knights
  21 two-headed ogres
  7 tengu warriors
  5 death yaks (Lair:3)
  7 ogre magi
  3 ancient automatons
  2 ironheart beastmasters
  2 orc high priests
  2 spriggan berserkers (Depths:2)
  A hell hog (Depths:1)
  6 deep troll earth magi
  35 deep trolls
  23 deep elf knights
  3 iron trolls
  A large abomination (Gauntlet)
  40 centaur warriors
  An unseen horror (D:11)
  2 glowing orange brains
  A hell knight (D:12)
  A flayed ghost (Vaults:1)
  15 deep elf archers
  4 wizards
  3 wolf spider zombies
  22 ironheart convokers
  3 necromancers
  5 cyclopes
  A phantasmal warrior (Vaults:3)
  19 wolf spiders
  4 orc sorcerers (Orc)
  18 orb spiders
  6 shining eyes
  A sphinx skeleton (Vaults:3)
  26 ugly things
  2 orc knights
  40 deep elf magi
  An apocalypse crab (Gauntlet)
  2 fauns (Shoals:1)
  A shining eye (shapeshifter) (Vaults:1)
  5 elephants (Lair:3)
  A moth of wrath (Spider:3)
  A salamander (Depths:2)
  A merfolk siren (Shoals:1)
  A guardian serpent (Desolation)
  9 vault sentinels
  4 black mambas
  A molten gargoyle (Desolation)
  A guardian serpent (shapeshifter) (Depths:2)
  9 cane toads
  25 jumping spiders
  A yaktaur zombie (Vaults:2)
  8 komodo dragons
  2 kobold demonologists
  3 rime drakes
  A jumping spider (shapeshifter) (Depths:1)
  26 yaktaurs
  5 demonic crawlers
  A yaktaur (shapeshifter) (Vaults:3)
  5 tengu conjurers
  3 eyes of draining (D:11)
  4 freezing wraiths
  3 human skeletons
  A yaktaur skeleton (Vaults:2)
  81 slime creatures
  6 trolls
  6 polar bears (Lair:6)
  4 hippogriffs
  15 blink frogs
  14 hornets
  52 saltlings (Desolation)
  A harpy skeleton (D:6)
  A hippogriff (shapeshifter) (Depths:2)
  A frost giant simulacrum (Vaults:2)
  2 stone giant simulacra
  3 dream sheep (Lair:6)
  Grum (D:8)
  17 spriggans
  3 air elementals
  21 tarantellas
  An ettin skeleton (Vaults:2)
  A spriggan (shapeshifter) (Elf:1)
  A wyvern (Lair:6)
  3 wraiths
  A tarantella (shapeshifter) (Depths:1)
  A water elemental (Elf:1)
  A shadow (D:10)
  A basilisk (Lair:1)
  4 hogs (D:12)
  46 yaks
  5 fire elementals
  46 redbacks
  A hog (shapeshifter) (Depths:1)
  A human (D:12)
  4 vampire mosquitoes (D:12)
  A hungry ghost (D:9)
  A redback (shapeshifter) (Vaults:2)
  A swamp worm (shapeshifter) (Depths:2)
  A steam dragon (D:10)
  3 wargs
  11 hell hounds (Depths:1)
  13 crocodiles
  7 water moccasins
  An acid dragon (D:12)
  A floating eye (shapeshifter) (Vaults:3)
  12 porcupines
  2 floating eyes
  2 ice beasts (D:9)
  A sky beast (D:8)
  A soldier ant (D:10)
  5 black bears
  16 orc warriors
  A phantom (D:9)
  2 human zombies
  A necrophage (D:11)
  19 ogres
  10 boggarts
  22 wolves
  7 bullfrogs
  10 kobold brigands
  An earth elemental (Elf:1)
  A gnoll sergeant (D:7)
  A wyvern zombie (D:8)
  14 centaurs
  2 scorpions
  3 troll zombies (D:9)
  10 killer bees
  13 wights
  3 howler monkeys
  2 electric eels
  21 orc priests
  A bullfrog zombie (D:6)
  2 human simulacra (Vaults:2)
  9 jellies (Slime:1)
  A quasit (D:7)
  A bullfrog skeleton (D:6)
  28 orc wizards
  A gnoll shaman (D:6)
  5 hounds
  Terence (D:3)
  7 iguanas
  Natasha (twice) (D:4)
  4 hell rats (Lair:1)
  9 worker ants
  3 ogre zombies (D:9)
  3 hound zombies
  2 hound skeletons
  2 worker ant zombies
  13 gnolls
  7 adders
  8 river rats (Lair:1)
  4 shadow imps
  3 oozes
  2 adder skeletons
  7 worms
  4 dart slugs
  5 leopard geckos
  63 orcs
  2 ball pythons
  5 bats
  4 giant cockroaches
  12 goblins
  14 hobgoblins
  2 jackals
  41 kobolds
  8 quokkas
  7 frilled lizards
  4 goblin zombies (D:9)
  A hobgoblin skeleton (D:9)
  2 hobgoblin zombies (D:9)
  2 orc skeletons (D:9)
  10 orc zombies (D:9)
  A quokka zombie (D:6)
  5 rats
  23 fungi
  7 plants
1639 creatures vanquished.

Vanquished Creatures (collateral kills)
  Saint Roka (Elf:3)
  A rockslime (Depths:1)
  2 vault wardens (Vaults:3)
  An emperor scorpion (Spider:3)
  A stone giant (Vaults:3)
  A dire elephant (Vaults:2)
  2 deep elf annihilators (Elf:3)
  A spark wasp (Spider:3)
  3 ragged hierophants (Desolation)
  A deep elf death mage (Elf:3)
  2 crystal guardians
  A yaktaur captain (Depths:1)
  A vault guard (Vaults:3)
  A servant of whispers (Desolation)
  A two-headed ogre (Vaults:3)
  A death yak (Lair:3)
  A wizard (Vaults:3)
  An ironheart convoker (Vaults:3)
  A phantasmal warrior (Vaults:3)
  A deep elf archer (Elf:3)
  An orb spider (Spider:3)
  A salamander (Depths:2)
  An orc sorcerer (Orc)
  4 deep elf magi (Elf:3)
  A moth of wrath (Spider:3)
  A vault sentinel (Vaults:3)
  A demonic crawler (Spider:3)
  6 yaktaurs
  7 saltlings (Desolation)
  A slime creature (Vaults:2)
  A hornet (Spider:3)
  A water elemental (Elf:3)
  A yak (Lair:3)
  4 redbacks (Spider:3)
  3 orc warriors (Elf:3)
  2 orc priests (Orc)
  2 orcs
63 creatures vanquished.

Vanquished Creatures (others)
  An ironheart preserver (Vaults:3)
  A stone giant (Vaults:3)
  A yaktaur captain (Vaults:3)
  21 vault guards (Vaults:3)
  Sonja (Lair:2)
  A hell hog (Depths:1)
  A deep elf knight (Elf:1)
  2 orb spiders (Spider:3)
  A deep elf mage (Elf:1)
  A yaktaur (Vaults:3)
  A jumping spider (Spider:3)
  A slime creature (Vaults:3)
  2 tarantellas
  2 redbacks (Spider:3)
  An orc (Elf:1)
  A bush (Lair:3)
  25 fungi
  15 plants
79 creatures vanquished.

Grand Total: 1781 creatures vanquished

Notes
Turn   | Place    | Note
-------+----------+-------------------------------------------
     0 | D:1      | Finalfun the Minotaur Archaeologist began the quest for the
                  | Orb.
     0 | D:1      | Reached XP level 1. HP: 16/16 MP: 0/0
   193 | D:1      | Reached XP level 2. HP: 24/24 MP: 1/1
   407 | D:1      | Reached XP level 3. HP: 26/31 MP: 2/2
   918 | D:2      | Reached XP level 4. HP: 15/40 MP: 3/3
  1531 | D:2      | Found a bloodstained altar of Trog.
  1539 | D:2      | Became a worshipper of Trog the Wrathful
  1600 | D:3      | Reached skill level 5 in Fighting
  1600 | D:3      | Reached skill level 1 in Armour
  1600 | D:3      | Reached XP level 5. HP: 17/48 MP: 4/4
  1600 | D:3      | Identified a scroll of acquirement
  1725 | D:3      | Noticed Terence
  1745 | D:3      | Killed Terence
  1747 | D:3      | HP: 2/48 [poisoned by an adder]
  2255 | D:3      | Identified the ring "Tubamot" {rElec MP+9 Int+6 Dex+3} (You
                  | acquired it on level 3 of the Dungeon)
  2626 | D:3      | Reached XP level 6. HP: 56/56 MP: 5/5
  2650 | D:3      | Noticed a sky beast
  2877 | D:4      | Reached skill level 1 in Axes
  2878 | D:4      | Reached * piety under Trog
  2879 | D:4      | Reached skill level 2 in Axes
  2907 | D:4      | Reached skill level 3 in Axes
  3144 | D:4      | Reached skill level 4 in Axes
  3364 | D:4      | Noticed Natasha
  3394 | D:4      | Killed Natasha
  3475 | D:4      | Noticed Natasha
  3494 | D:4      | Killed Natasha
  3495 | D:4      | Reached skill level 5 in Axes
  3495 | D:4      | Reached XP level 7. HP: 48/61 MP: 6/6
  3915 | D:5      | Entered Level 5 of the Dungeon
  4203 | D:5      | Found a blossoming altar of Fedhas.
  4243 | D:5      | Found a white marble altar of Elyvilon.
  4557 | D:5      | Found a sacrificial altar of Ru.
  4581 | D:5      | Found an ornate altar of the Wu Jian Council.
  4734 | D:6      | Reached skill level 7 in Axes
  4849 | D:6      | Reached XP level 8. HP: 36/69 MP: 7/7
  4948 | D:6      | Noticed a two-headed ogre
  4966 | D:6      | Killed a two-headed ogre
  5194 | D:6      | Reached ** piety under Trog
  5214 | D:6      | Found a staircase to the Ecumenical Temple.
  5790 | D:6      | Reached XP level 9. HP: 59/81 MP: 8/8
  6580 | D:7      | Found Weron's Distillery.
  6588 | D:7      | Bought a potion of magic for 60 gold pieces
  6588 | D:7      | Bought a potion of flight for 48 gold pieces
  6588 | D:7      | Bought a potion of cancellation for 60 gold pieces
  6588 | D:7      | Bought a potion of invisibility for 96 gold pieces
  6588 | D:7      | Bought a potion of heal wounds for 60 gold pieces
  6588 | D:7      | Bought 2 potions of ambrosia for 96 gold pieces
  6703 | D:7      | Reached skill level 10 in Armour
  6703 | D:7      | Reached skill level 8 in Axes
  6753 | D:7      | Found a runed translucent gate.
  6753 | D:7      | Found a runed translucent gate.
  6754 | D:7      | Found a runed translucent gate.
  6756 | D:7      | Noticed yrara's ghost (novice DsFi)
  6774 | D:7      | Noticed a troll
  7145 | D:8      | Noticed Grum
  7146 | D:8      | Reached skill level 9 in Axes
  7152 | D:8      | Reached *** piety under Trog
  7155 | D:8      | Killed Grum
  7156 | D:8      | Reached skill level 10 in Axes
  7312 | D:8      | Noticed a troll
  7321 | D:8      | Killed a troll
  7322 | D:8      | Reached XP level 10. HP: 70/88 MP: 9/9
  7513 | D:8      | Reached skill level 11 in Axes
  7701 | D:8      | Found the +6 Scorpio {venom, beckon}
  7801 | D:8      | Noticed a cyclops
  7806 | D:8      | Reached skill level 12 in Axes
  7826 | D:8      | Killed a cyclops
  7828 | D:8      | Reached skill level 13 in Axes
  7905 | D:8      | Found a large runed translucent door.
  7905 | D:8      | Found a large runed translucent door.
  7909 | D:8      | Noticed Morbidden's ghost (novice TrAc)
  8108 | D:8      | Noticed an orc knight
  8223 | D:8      | Killed an orc knight
  8531 | D:9      | Reached **** piety under Trog
  8535 | D:9      | Reached skill level 14 in Axes
  8581 | D:9      | Found a staircase to the Lair.
  8678 | D:9      | Reached XP level 11. HP: 91/94 MP: 10/10
  8793 | D:9      | Got a coiled brass ring
  8836 | D:9      | Noticed a seven-headed hydra
  8840 | D:9      | Reached skill level 15 in Axes
  8859 | D:9      | Noticed a brown ugly thing
  8862 | D:9      | Paralysed by a chaos spawn for 2 turns
  9316 | D:2      | Reached ***** piety under Trog
  9625 | D:9      | Got a scorched ring mail
  9878 | D:9      | Killed a brown ugly thing
  9889 | D:9      | Killed a seven-headed hydra
  9984 | D:9      | Received a gift from Trog
  9986 | D:9      | Found a staircase to the Orcish Mines.
 10446 | Lair:1   | Entered Level 1 of the Lair of Beasts
 10644 | Lair:1   | Reached skill level 5 in Dodging
 11548 | Lair:1   | Noticed an oklob plant
 11819 | Lair:1   | Identified the +7 ring mail of Acloup {rF- rN+++ MR+ Dex+4}
                  | (You found it on level 9 of the Dungeon)
 11831 | Lair:1   | Identified the cursed ring "Gianeq" {+Blink Str-2 Int+3
                  | Stlth--} (You found it on level 9 of the Dungeon)
 11918 | Lair:2   | Found a hole to the Spider Nest.
 11934 | Lair:2   | Reached skill level 1 in Shields
 11934 | Lair:2   | Reached skill level 1 in Evocations
 11934 | Lair:2   | Reached XP level 12. HP: 101/101 MP: 11/11
 12360 | Lair:2   | Reached skill level 10 in Dodging
 12645 | Lair:2   | Noticed Sonja
 12674 | Lair:2   | Killed Sonja
 12826 | Lair:2   | Found a blossoming altar of Fedhas.
 12971 | Lair:2   | Found a runed translucent door.
 12971 | Lair:2   | Found a shimmering altar of Xom.
 12971 | Lair:2   | Noticed yrara's ghost (journeyman DsFi)
 13006 | Lair:2   | Reached skill level 5 in Shields
 13343 | Lair:3   | Received a gift from Trog
 13581 | Lair:3   | Noticed a death yak
 13581 | Lair:3   | Noticed a death yak
 13581 | Lair:3   | Noticed a death yak
 13595 | Lair:3   | Reached skill level 16 in Axes
 13600 | Lair:3   | Noticed a death yak
 13615 | Lair:3   | Noticed a death yak
 13616 | Lair:3   | Killed a death yak
 13618 | Lair:3   | Noticed a death yak
 13620 | Lair:3   | Killed a death yak
 13625 | Lair:3   | Killed a death yak
 13635 | Lair:3   | Killed a death yak
 13643 | Lair:3   | Killed a death yak
 13653 | Lair:3   | Killed a death yak
 13674 | Lair:3   | Reached XP level 13. HP: 69/107 MP: 7/15
 13762 | Lair:3   | Found a staircase to the Shoals.
 14764 | Lair:4   | Reached skill level 10 in Shields
 15241 | Lair:5   | Reached skill level 17 in Axes
 15288 | Lair:5   | Noticed Nessos
 15305 | Lair:5   | Killed Nessos
 15647 | Lair:5   | Found a staircase to the Elven Halls.
 16331 | Lair:6   | Entered Level 6 of the Lair of Beasts
 16331 | Lair:6   | Noticed Urug
 16338 | Lair:6   | Killed Urug
 16797 | Lair:6   | Reached skill level 10 in Fighting
 17230 | Lair:6   | Got an ichor-stained mace
 17376 | Lair:6   | Received a gift from Trog
 17423 | Lair:6   | Identified the +5 mace "Xuepp" {flame, rC++} (You found it
                  | on level 6 of the Lair of Beasts)
 17455 | Lair:6   | Reached XP level 14. HP: 126/126 MP: 8/16
 18444 | Orc      | Entered the Orcish Mines
 18469 | Orc      | Found Angin's Book Shop.
 18744 | Orc      | Found a staircase to the Slime Pits.
 18745 | Orc      | Found a viscous altar of Jiyva.
 18862 | Orc      | Paralysed by an orc sorcerer for 4 turns
 18879 | Orc      | Found a roughly hewn altar of Beogh.
 18952 | Orc      | Received a gift from Trog
 19089 | Orc      | Found Tigi's General Store.
 19089 | Orc      | Found Xuuwil's Assorted Antiques.
 19090 | Orc      | Found Guskec's Jewellery Boutique.
 19094 | Orc      | Found Ipacanaqi's Magic Scroll Boutique.
 19097 | Orc      | Bought a scroll of teleportation for 39 gold pieces
 19097 | Orc      | Bought a scroll of enchant weapon for 97 gold pieces
 19097 | Orc      | Bought a scroll of teleportation for 39 gold pieces
 19099 | Orc      | Bought 2 scrolls of identify for 48 gold pieces
 19099 | Orc      | Bought a scroll of teleportation for 36 gold pieces
 19099 | Orc      | Bought a scroll of identify for 24 gold pieces
 19099 | Orc      | Bought a scroll of teleportation for 36 gold pieces
 19099 | Orc      | Bought a scroll of identify for 24 gold pieces
 19099 | Orc      | Bought a scroll of identify for 24 gold pieces
 19099 | Orc      | Bought a scroll of identify for 24 gold pieces
 19099 | Orc      | Bought a scroll of blinking for 90 gold pieces
 19099 | Orc      | Bought a scroll of identify for 24 gold pieces
 19099 | Orc      | Bought a scroll of torment for 90 gold pieces
 19099 | Orc      | Bought a scroll of identify for 24 gold pieces
 19105 | Orc      | Bought a scroll of enchant armour for 277 gold pieces
 19108 | Orc      | Bought the ring of Igoangehim {MR+ Dex+3} for 574 gold
                  | pieces
 19108 | Orc      | Bought an uncursed ring of poison resistance for 300 gold
                  | pieces
 19488 | Spider:1 | Entered Level 1 of the Spider Nest
 20136 | Spider:1 | Noticed an emperor scorpion
 20172 | Spider:1 | Killed an emperor scorpion
 20645 | Spider:2 | Noticed an emperor scorpion
 20656 | Spider:2 | Killed an emperor scorpion
 21032 | Spider:2 | Noticed an emperor scorpion
 21033 | Spider:2 | Reached skill level 15 in Armour
 21102 | Spider:2 | Noticed Donald
 21103 | Spider:2 | Killed an emperor scorpion
 21299 | Spider:1 | Killed Donald
 21463 | Spider:2 | Received a gift from Trog
 22027 | Orc      | Bought the amulet of Faargh {RegenMP rElec Dex+6 Slay-2
                  | SInv} for 711 gold pieces
 22189 | Spider:3 | Entered Level 3 of the Spider Nest
 22259 | Spider:3 | Noticed a ghost moth
 22276 | Spider:2 | Reached XP level 15. HP: 99/137 MP: 6/17
 23043 | Spider:2 | Killed a ghost moth
 23237 | Spider:3 | Reached skill level 15 in Fighting
 24030 | Spider:3 | Noticed a ghost moth
 24040 | Spider:3 | Killed a ghost moth
 24485 | Spider:3 | Noticed a ghost moth
 24494 | Spider:3 | Killed a ghost moth
 24594 | Spider:3 | Noticed a ghost moth
 24863 | Spider:3 | Killed a ghost moth
 24863 | Spider:3 | Received a gift from Trog
 24889 | Spider:3 | Got a gossamer rune of Zot
 25068 | Shoals:1 | Entered Level 1 of the Shoals
 25217 | D:10     | Entered Level 10 of the Dungeon
 25218 | D:10     | Found a runed translucent gate.
 25218 | D:10     | Found a runed translucent gate.
 25222 | D:10     | Noticed foxfromabyss's ghost (journeyman MiAc)
 25233 | D:10     | Reached XP level 16. HP: 142/149 MP: 9/18
 25331 | D:10     | Found a runed translucent gate.
 25378 | D:10     | Reached skill level 15 in Shields
 25656 | D:10     | Found a blossoming altar of Fedhas.
 26065 | D:11     | Found a runed translucent gate.
 26065 | D:11     | Found a runed translucent gate.
 26065 | D:11     | Found a runed translucent gate.
 26067 | D:11     | Noticed DogServant's ghost (journeyman MfTm)
 26067 | D:11     | Identified the +12 short sword of the Shining Light {chaos,
                  | rElec Dex+3}
 26404 | D:11     | Identified the +4 short sword "Deganas" {pain, rPois rF+}
 26450 | D:11     | Identified the +4 fustibalus of Fuetud {elec, rPois Int+9}
 26963 | D:12     | Entered Level 12 of the Dungeon
 27026 | D:12     | Found a gate to the Vaults.
 27076 | D:12     | Found a gate leading to a gauntlet.
 27086 | Gauntlet | Entered a Gauntlet
 27086 | Gauntlet | Found a transporter.
 27086 | Gauntlet | Found a transporter.
 27117 | Gauntlet | Found a transporter.
 27121 | Gauntlet | Found a transporter.
 27133 | Gauntlet | Found a transporter.
 27135 | Gauntlet | Found a transporter.
 27146 | Gauntlet | Found the +0 Maxwell's etheric cage {RegenMP+ *Contam rElec
                  | Stlth-}
 27147 | Gauntlet | Found a transporter.
 27166 | Gauntlet | Found a transporter.
 27172 | Gauntlet | Found a transporter.
 27176 | Gauntlet | Found a transporter.
 27186 | Gauntlet | Found a transporter.
 27190 | Gauntlet | Found a transporter.
 27437 | Gauntlet | Identified the cursed +0 pair of gloves "Doal" {rCorr
                  | Stlth+} (You found it in a Gauntlet)
 27536 | D:12     | Identified the amulet of Cauxax {Spirit rF+ Str+4} (You
                  | acquired it on level 12 of the Dungeon)
 27732 | D:12     | Found a staircase to the Depths.
 27774 | D:12     | Found a transporter.
 27778 | D:12     | Noticed GhastlyMooves's ghost (journeyman FrCj)
 27779 | D:12     | Found a transporter.
 27780 | D:12     | Identified the +4 dire flail of Vewishur {venom, Int+2
                  | Dex+2 SInv Stlth+}
 28451 | D:12     | Killed GhastlyMooves's ghost
 29075 | Elf:1    | Entered Level 1 of the Elven Halls
 29272 | Elf:1    | Reached skill level 15 in Dodging
 29279 | Elf:1    | Identified the +2 robe of Cloud Cover {Str+4 Dex+3 Stlth+}
 29367 | Elf:1    | Found a crumbling gateway.
 29384 | Desolati | Entered the Desolation of Salt
 29522 | Desolati | Reached XP level 17. HP: 142/156 MP: 9/19
 29539 | Desolati | Identified the ring "Nuzaewem" {rF+ Int+2}
 29588 | Desolati | Received a gift from Trog
 29628 | Desolati | Reached ****** piety under Trog
 29766 | Desolati | Identified the +10 great sword "Dyl Wuni" {slice, rElec
                  | rPois Int+2}
 29783 | Desolati | Identified the Papyrus of Experimentation
 29787 | Desolati | Identified the Papyrus of Intoxication and Protection
 29794 | Desolati | Identified the cursed ring of Gozag's Castigation {rF++ rN+
                  | MR- Int+3 SInv}
 29992 | Desolati | Received a gift from Trog
 30044 | Desolati | Identified the +0 medium shield of the Villain {rPois
                  | Dex+4}
 30168 | Desolati | Identified the Papyrus of Weightlessness and the Mountains
 30177 | Desolati | Identified the cursed +0 short sword of Execution {flame,
                  | Int+6 Dex+3}
 30179 | Desolati | Identified the Guide on Supportive Poison
 30444 | Elf:1    | Noticed an Ice Fiend
 31220 | Elf:1    | Found a runed translucent gate.
 31742 | Elf:2    | Reached skill level 5 in Evocations
 31895 | Elf:2    | Received a gift from Trog
 31961 | Elf:2    | Found Goruitte's Magic Scroll Shoppe.
 32070 | Elf:2    | Reached XP level 18. HP: 163/163 MP: 10/21
 32074 | Elf:2    | Found a runed gate.
 32074 | Elf:2    | Found a runed gate.
 32074 | Elf:2    | Found a runed gate.
 32659 | Elf:3    | Entered Level 3 of the Elven Halls
 32659 | Elf:3    | Found Uvubowoh's Magic Scroll Emporium.
 32669 | Elf:3    | Noticed Saint Roka
 32687 | Elf:3    | Killed Saint Roka
 33010 | Elf:3    | Noticed a Shadow Fiend
 33026 | Elf:3    | Noticed a Shadow Fiend
 33029 | Elf:3    | Received a gift from Trog
 33444 | Elf:3    | Noticed a Shadow Fiend
 33466 | Elf:3    | Noticed a Brimstone Fiend
 34009 | Elf:3    | Identified the amulet "Recy" {RegenMP rElec}
 34028 | Elf:3    | Noticed Nikola
 34221 | Elf:3    | Received a gift from Trog
 34233 | Elf:3    | Killed Nikola
 34548 | Elf:3    | Found the +9 scales of the Dragon King {rPois rF+ rC+ MR+}
 34585 | Elf:3    | Identified the Handbook of Talismans and Beguiling
 34969 | Vaults:1 | Entered Level 1 of the Vaults
 35079 | Vaults:1 | Reached XP level 19. HP: 159/183 MP: 11/23
 35562 | Vaults:1 | Reached skill level 18 in Axes
 35843 | Vaults:1 | Received a gift from Trog
 36165 | Vaults:1 | Reached skill level 19 in Axes
 36412 | Vaults:1 | Found Fuboix's Armour Shop.
 36850 | Vaults:2 | Found Hiyc's Jewellery Shop.
 36886 | Vaults:2 | Bought the ring "Lenen" {MR++ Slay+3} for 758 gold pieces
 37189 | Vaults:2 | Identified the +13 war axe "Caew" {venom, rElec MR++ Int-5}
                  | (Trog gifted it to you on level 2 of the Vaults)
 37189 | Vaults:2 | Received a gift from Trog
 37781 | Vaults:2 | Reached XP level 20. HP: 193/193 MP: 24/24
 37905 | Vaults:2 | Found a staircase to the Crypt.
 37905 | Vaults:2 | Found an ancient bone altar of Kikubaaqudgha.
 37905 | Vaults:2 | Found a basalt altar of Yredelemnul.
 38135 | Vaults:2 | Received a gift from Trog
 38354 | Vaults:3 | Entered Level 3 of the Vaults
 38364 | Vaults:3 | Reached skill level 20 in Axes
 38452 | Vaults:3 | Reached skill level 21 in Axes
 38716 | Vaults:3 | Received a gift from Trog
 38766 | Vaults:3 | Reached skill level 22 in Axes
 38808 | Vaults:3 | Reached XP level 21. HP: 110/201 MP: 25/25
 39033 | Vaults:3 | Identified the cursed ring "Cifafa Vute" {rF+ MP+9 AC-3
                  | Dex+6 Slay-4}
 39291 | Vaults:3 | Noticed a juggernaut
 39310 | Vaults:3 | Killed a juggernaut
 39311 | Vaults:3 | Reached skill level 23 in Axes
 39321 | Vaults:3 | Identified the +5 rapier of Kemi {drain, rF- rC++ Str+3}
 39616 | Vaults:3 | Got a silver rune of Zot
 39635 | Vaults:3 | Received a gift from Trog
 39852 | Vaults:3 | Found the +0 shillelagh "Devastator" {shatter, Stlth+}
 39858 | Vaults:3 | Identified the +4 falchion of Revolt {venom, rF+}
 39861 | Vaults:3 | Identified the +2 hat of Henotheism {+Fly rCorr Dex-2}
 39951 | Vaults:3 | Reached skill level 24 in Axes
 40529 | Vaults:3 | Identified the +10 hand axe "Lintink" {chop, Str+4 Dex+5}
                  | (You acquired it on level 3 of the Vaults)
 40529 | Vaults:3 | Identified the +0 hat "Nuxiaw Ala" {-Tele *Corrode rPois
                  | MP+9} (You acquired it on level 3 of the Vaults)
 40529 | Vaults:3 | Identified the amulet "Moatenar" {Regen rN+} (You acquired
                  | it on level 3 of the Vaults)
 40698 | Depths:1 | Entered Level 1 of the Depths
 40872 | Depths:1 | Found a gateway to Hell.
 40921 | Depths:1 | Noticed Asterion
 40939 | Depths:1 | Killed Asterion
 41141 | Depths:1 | Received a gift from Trog
 41142 | Depths:1 | Reached skill level 25 in Axes
 41241 | Depths:1 | Found a gateway to a ziggurat.
 41304 | Depths:1 | Noticed a rockslime
 41312 | Depths:1 | Killed a rockslime
 41711 | Depths:1 | Found a one-way gate to the infinite horrors of the Abyss.
 41835 | Depths:1 | Reached XP level 22. HP: 209/209 MP: 26/26
 42723 | Depths:2 | Reached skill level 26 in Axes
 42927 | Depths:2 | Identified the ring of Jueplic {+Fly MR+}
 42947 | Depths:2 | Received a gift from Trog
 43063 | Depths:2 | Noticed Zenata
 43081 | Depths:2 | HP: 6/209 [+3 glaive of flaming[Zenata] (18)]
 43083 | Depths:2 | Killed Zenata
 43146 | Depths:2 | Noticed a juggernaut
 43160 | Depths:2 | Killed a juggernaut
 43221 | Depths:2 | Noticed a caustic shrike
 43232 | Depths:2 | Killed a caustic shrike
 43282 | Depths:2 | Reached skill level 27 in Axes
 43720 | Depths:2 | Found a one-way gate leading to the halls of Pandemonium.
 44014 | Slime:1  | Entered Level 1 of the Pits of Slime
 44575 | Slime:2  | Noticed Dissolution
 44582 | Slime:2  | Paralysed by a floating eye for 4 turns
 44590 | Slime:2  | Killed Dissolution
 46841 | Slime:2  | Paralysed by a floating eye for 4 turns
 47502 | Slime:3  | Received a gift from Trog
 47572 | Slime:3  | Reached XP level 23. HP: 205/215 MP: 27/27
 49008 | Slime:5  | Entered Level 5 of the Pits of Slime
 49110 | Slime:5  | Noticed the Royal Jelly
 49131 | Slime:5  | HP: 12/322 [azure jelly[the Royal Jelly] (8)]
 49131 | Slime:5  | Slain by an azure jelly

Skill      XL: |  1  2  3  4  5  6  7  8  9 10 11 12 13 14 15 16 17 18 19 20 21 22 23 |
---------------+----------------------------------------------------------------------+-----
Stealth        | 3 |  3.0
Fighting       | 2 3 5 8 12 13 15 19 20 | 20.0
Dodging        | 4 9 10 16 19 | 19.0
Armour         | 1 4 7 10 15 17 18 20 21 22 | 22.2
Axes           | 5 7 10 14 15 16 17 19 22 25 27 | 27.0
Shields        | 1 9 10 14 15 | 15.0
Evocations     | 1 4 6 7 |  7.0
Maces & Flails | |  1.2

Action                   |  1- 3 |  4- 6 |  7- 9 | 10-12 | 13-15 | 16-18 | 19-21 | 22-24 || total
-------------------------+-------+-------+-------+-------+-------+-------+-------+-------++-------
Melee: Whip              |    99 |   133 |       |    87 |    33 |       |       |       ||   352
       Headbutt          |    14 |    38 |    52 |   159 |   211 |   419 |   387 |   171 ||  1451
       War axe           |       |   108 |   297 |   687 |       |       |   776 |   525 ||  2393
       Broad axe         |       |       |       |    57 |  1095 |  1354 |   354 |       ||  2860
       Mace              |       |       |       |       |    21 |       |       |       ||    21
Invok: Berserk           |       |     2 |     7 |    14 |    26 |    17 |     8 |     7 ||    81
       Trog's Hand       |       |       |       |     9 |    10 |    16 |    12 |    11 ||    58
       Brothers in Arms  |       |       |       |     1 |     4 |    10 |     7 |     2 ||    24
Evoke: Lightning rod     |       |       |       |       |     4 |     1 |     4 |       ||     9
       Wand              |       |       |       |       |       |     3 |       |       ||     3
       Lamp of fire      |       |       |       |       |       |     1 |     2 |       ||     3
       Phial of floods   |       |       |       |       |       |       |     1 |       ||     1
       Phantom mirror    |       |       |       |       |       |       |       |     1 ||     1
  Use: Potion            |       |     3 |       |     5 |     8 |     1 |     2 |     1 ||    20
       Scroll            |       |     1 |     5 |     6 |    13 |    18 |     6 |       ||    49
 Stab: Sleeping          |       |     8 |       |       |       |     9 |       |       ||    17
       Distracted        |       |       |       |     2 |       |     4 |       |       ||     6
       Invisible         |       |       |       |       |       |       |     4 |       ||     4
       Confused          |       |       |       |       |       |       |       |     4 ||     4
  Eat: Chunk             |     2 |    18 |    20 |    27 |    45 |    51 |    37 |    14 ||   214
       Ration            |       |       |     2 |     8 |    12 |     7 |     5 |     7 ||    41
Armor: Robe              |    31 |    46 |       |       |       |       |       |       ||    77
       Crystal plate arm |       |   121 |   279 |   588 |   673 |   143 |       |       ||  1804
       Ring mail         |       |       |       |       |       |   118 |       |       ||   118
       Gold dragon scale |       |       |       |       |       |     8 |   483 |   270 ||   761
Dodge: Dodged            |    61 |    93 |    73 |   177 |   221 |   587 |   405 |   135 ||  1752
Block: Medium shield     |       |       |       |   145 |   967 |   779 |   600 |   308 ||  2799
       Other             |       |       |       |     1 |       |       |       |       ||     1
       Reflection        |       |       |       |    14 |     7 |       |       |       ||    21
